 Dungeon Crawl Stone Soup version 0.19-a0-1792-g28b16ba (webtiles) character file.

25125 newbish2 the Jinx (level 12, 64/64 HPs)
             Began as a Deep Elf Enchanter on Oct 2, 2016.
             Was a High Priest of Sif Muna.
             Quit the game on level 6 of the Lair of Beasts on Oct 4, 2016.
             The game lasted 02:41:14 (22240 turns).

newbish2 the Jinx (Deep Elf Enchanter)             Turns: 22240, Time: 02:41:14

Health: 64/64      AC: 10    Str:  6    XL:     12   Next: 86%
Magic:  29/29      EV: 16    Int: 24    God:    Sif Muna [*****.]
Gold:   808        SH:  9    Dex: 19    Spells: 10 memorised, 6 levels left

rFire  . . .     SeeInvis .     R - +10 short sword of Dullness {pierce, rElec}
rCold  . . .     Gourm    .     b - +1 robe
rNeg   . . .     Faith    .     p - +0 buckler
rPois  .         Spirit   .     w - +2 helmet
rElec  +         Dismiss  .     m - +2 cloak
rCorr  .         Reflect  +     G - +0 pair of gloves
MR     +....     Harm     .     (no boots)
Stlth  +++.......               h - +3 amulet of reflection
                                C - +3 ring of slaying
                                P - +3 ring of dexterity

@: no status effects
A: no striking features
a: Divine Energy, Channel Magic, Forget Spell, Renounce Religion


You were on level 6 of the Lair of Beasts.
You worshipped Sif Muna.
Sif Muna was extremely pleased with you.
You were not hungry.

You visited 3 branches of the dungeon, and saw 16 of its levels.
You also visited: Bailey.

You collected 808 gold pieces.

Inventory:

Hand Weapons
 R - the +10 short sword of Dullness (weapon) {pierce, rElec}
   (You found it on level 1 of the Lair of Beasts)

   It inflicts extra damage upon your enemies.
   It insulates you from electricity.
Missiles
 K - 60 tomahawks of returning (quivered)
Armour
 b - a +1 robe (worn)
 m - a +2 cloak (worn)
 p - a +0 buckler (worn)
 w - a +2 helmet (worn)
 B - a +0 shield of protection
 G - a +0 pair of gloves (worn)
Jewellery
 h - a +3 amulet of reflection (around neck)
 l - an uncursed ring of resist corrosion
 C - a +3 ring of slaying (right hand)
 P - a +3 ring of dexterity (left hand)
Wands
 n - a wand of flame (33/48)
 v - a wand of lightning (6/15)
 y - a wand of acid (3/15)
 V - a wand of digging (12/24)
Scrolls
 e - 3 scrolls of amnesia
 g - a scroll of recharging {unknown}
 j - 7 scrolls of teleportation
 q - 2 scrolls of remove curse
 u - 3 scrolls of random uselessness {unknown}
 z - 2 scrolls of enchant armour
 A - 3 scrolls of blinking
 J - a scroll of fog {unknown}
 U - 4 scrolls of identify
 W - a scroll of torment {unknown}
 Z - a scroll of magic mapping
Potions
 a - 2 potions of mutation {unknown}
 c - a potion of lignification {unknown}
 i - 5 potions of magic
 k - 3 potions of curing
 o - 4 potions of haste
 r - 2 potions of ambrosia
 t - 6 potions of heal wounds
 D - 2 potions of flight {unknown}
 F - a potion of invisibility {unknown}
 H - a potion of cancellation {unknown}
 I - a potion of agility {unknown}
 L - a potion of might {unknown}
 M - a potion of experience {unknown}
 O - 2 potions of brilliance {unknown}
 Y - 2 potions of berserk rage
Books
 f - Sif Muna's Incunabulum of the Oath
   (Sif Muna gifted it to you on level 3 of the Lair of Beasts)

   Spells                             Type                      Level
   a - Slow                           Hexes                        2
   b - Spectral Weapon                Hexes/Charms                 3
   c - Inner Flame                    Hexes/Fire                   3
   d - Invisibility                   Hexes                        6
   e - Discord                        Hexes                        8
 E - a book of Fire

   Spells                             Type                      Level
   a - Ignite Poison                  Fire/Transmutation/Poison    3
   b - Fireball                       Conjuration/Fire             5
   c - Bolt of Fire                   Conjuration/Fire             6
   d - Delayed Fireball               Conjuration/Fire             7
   e - Ring of Flames                 Charms/Fire                  7
 N - a Young Poisoner's Handbook

   Spells                             Type                      Level
   a - Sting                          Conjuration/Poison           1
   b - Mephitic Cloud                 Conjuration/Poison/Air       3
   c - Olgreb's Toxic Radiance        Poison                       4
   d - Alistair's Intoxication        Transmutation/Poison         5
   e - Venom Bolt                     Conjuration/Poison           5
 S - a book of Geomancy

   Spells                             Type                      Level
   a - Sandblast                      Earth                        1
   b - Passwall                       Transmutation/Earth          2
   c - Stone Arrow                    Conjuration/Earth            3
   d - Petrify                        Transmutation/Earth          4
   e - Lee's Rapid Deconstruction     Earth                        5
Comestibles
 d - 6 bread rations
 s - 3 fruits
 x - a meat ration
 Q - 6 chunks of flesh


   Skills:
 - Level 3.0 Fighting
 - Level 1.1 Short Blades
 - Level 5.5 Dodging
 - Level 3.7 Stealth
 - Level 5.4 Shields
 - Level 11.8 Spellcasting
 - Level 10.1 Conjurations
 - Level 12.4 Hexes
 + Level 3.2 Transmutations
 + Level 3.2 Fire Magic
 - Level 4.0 Ice Magic
 - Level 9.9 Poison Magic
 - Level 4.6 Invocations
 - Level 4.5 Evocations


You had 6 spell levels left.
You knew the following spells:

 Your Spells              Type           Power        Failure   Level  Hunger
a - Corona                Hex            ######.      1%          1    None
b - Ensorcelled Hibernat  Hex/Ice        ######       1%          2    None
c - Confuse               Hex            ######..     1%          3    None
d - Tukima's Dance        Hex            ######..     1%          3    None
e - Dazzling Spray        Conj/Hex       ######       1%          3    None
f - Sting                 Conj/Pois      ####         1%          1    None
g - Olgreb's Toxic Radia  Pois           ######..     1%          4    None
h - Venom Bolt            Conj/Pois      ######....   1%          5    ###....
i - Mephitic Cloud        Conj/Pois/Air  #####...     1%          3    None
j - Ignite Poison         Fire/Tmut/Pois #####...     1%          3    None


Dungeon Overview and Level Annotations

Branches:
Dungeon (9/15)             Temple (1/1) D:7            Lair (6/6) D:8
  Swamp (0/4) Lair:4        Snake (0/4) Lair:3        Slime (0/5) Lair:5
    Orc: D:9-12

Altars:
Ashenzari
Dithmenos
Elyvilon
Fedhas
Gozag
Hepliaklqana
Kikubaaqudgha
Nemelex Xobeh
Qazlal
Ru
Sif Muna
Uskayaw
Xom
Yredelemnul
Zin
The Shining One
Jiyva

Annotations:
Lair:3 Rupert


Message History

You puncture the hippogriff!
The hippogriff is severely wounded.
You puncture the hippogriff!
The hippogriff is almost dead.
You puncture the hippogriff!
You kill the hippogriff!
Sif Muna accepts your kill.
You start resting.
Magic restored.
There is a stone staircase leading down here.
You climb downwards.
There is a stone staircase leading up here.
Save game and exit?
Welcome back, newbish2 the Deep Elf Enchanter.
Sif Muna whispers: I know many secrets...
Press ? for a list of commands and other information.
Char dumped successfully.
Unknown command.
Okay, then.
Are you sure you want to abandon this character and quit the game? (Confirm with "yes".)

....#.######.....P.....#.#.......
.....##.###.#..................#.
.................................
.................................
.................../.............
....P.##....)#.(.................
.....#.####..##.......#.###......
......###....##..#.##....##....##
#...P........#P.@####..P.###...##
P....#......#....##.............#
#.....#......##.<#....##.#.#....#
#....##......##..###.......#....#
#.<.P##.##P#.#...##........#.....
.....#.######......#............#
#......#..##..#...##.......#...#.
#..................P......(......
.....(...............#.....#.....


There were no monsters in sight!

Vanquished Creatures
  The ghost of tornocean the Spear-Bearer, a journeyman MiBe of Trog (Lair:5)
  4 hydras
  The ghost of Maruxus the Grappler, a novice TrMo (D:8)
  An elephant (Lair:5)
  2 black mambas (Lair:3)
  8 spiny frogs
  2 rime drakes
  3 komodo dragons
  Prince Ribbit (D:7)
  10 blink frogs
  9 dream sheep
  9 hippogriffs
  18 yaks
  A basilisk (Lair:2)
  A wyvern (Lair:5)
  A vampire mosquito (Lair:5)
  3 insubstantial wisps
  Menkaure (D:7)
  6 swamp worms (Lair:4)
  12 water moccasins
  11 porcupines
  An orc warrior (Bailey)
  2 black bears
  An ice beast (D:7)
  A sky beast (D:7)
  A phantom (D:6)
  2 wolves
  10 ogres
  13 crocodiles
  Blork the orc (D:6)
  8 bullfrogs
  A wyvern zombie (D:8)
  5 wights
  4 scorpions
  10 killer bees (D:7)
  6 crimson imps
  2 hounds
  2 jellies
  5 orc wizards
  3 orc priests
  4 iguanas
  Terence (D:2)
  10 worker ants
  A hound zombie (D:7)
  A worker ant zombie (D:5)
  Robin (D:2)
  23 gnolls
  10 adders
  55 river rats
  2 shadow imps (D:7)
  An ooze (D:1)
  An adder skeleton (D:6)
  An adder zombie (D:6)
  7 worms
  A dart slug (D:5)
  5 leopard geckos
  23 orcs
  A ball python (D:3)
  9 bats
  8 giant cockroaches
  2 gnoll zombies (D:7)
  20 goblins
  20 hobgoblins
  9 jackals
  23 kobolds
  2 quokkas
  3 frilled lizards
  A jackal skeleton (D:5)
  A quokka skeleton (D:6)
  9 rats
438 creatures vanquished.

Vanquished Creatures (collateral kills)
  Crazy Yiuf (D:2)
1 creature vanquished.

Vanquished Creatures (others)
  15 fungi
  A plant (Lair:1)
16 creatures vanquished.

Grand Total: 455 creatures vanquished

Notes
Turn   | Place    | Note
-------+----------+-------------------------------------------
     0 | D:1      | newbish2 the Deep Elf Enchanter began the quest for the Orb.
     0 | D:1      | Reached XP level 1. HP: 10/10 MP: 6/6
   101 | D:1      | Reached XP level 2. HP: 12/15 MP: 6/8
   256 | D:1      | Learned a level 2 spell: Ensorcelled Hibernation
   772 | D:1      | Reached skill level 1 in Ice Magic
  1042 | D:1      | Reached XP level 3. HP: 19/19 MP: 6/9
  1337 | D:2      | Found a glowing silver altar of Zin.
  1363 | D:2      | Found a sacrificial altar of Ru.
  1623 | D:2      | Found a stormy altar of Qazlal.
  1638 | D:2      | Reached XP level 4. HP: 21/24 MP: 9/11
  1641 | D:2      | Reached skill level 1 in Shields
  1722 | D:2      | Noticed Robin
  1883 | D:1      | Learned a level 3 spell: Confuse
  1887 | D:1      | Learned a level 3 spell: Tukima's Dance
  1961 | D:2      | Noticed Terence
  2043 | D:2      | Killed Terence
  2322 | D:2      | Found a runed door.
  2326 | D:2      | Noticed Crazy Yiuf
  2331 | D:2      | Killed Crazy Yiuf
  2401 | D:2      | Reached XP level 5. HP: 28/28 MP: 1/12
  2647 | D:2      | Killed Robin
  3276 | D:3      | Found a shattered altar of Ashenzari.
  3492 | D:4      | Reached XP level 6. HP: 32/32 MP: 13/13
  3515 | D:4      | Found a blossoming altar of Fedhas.
  3825 | D:4      | Reached skill level 5 in Shields
  3982 | D:4      | Reached XP level 7. HP: 36/36 MP: 8/14
  4290 | D:5      | Entered Level 5 of the Dungeon
  4434 | D:5      | Reached skill level 5 in Hexes
  4660 | D:5      | Reached skill level 6 in Hexes
  5352 | D:6      | Learned a level 3 spell: Dazzling Spray
  5374 | D:6      | Reached skill level 1 in Conjurations
  5374 | D:6      | Reached skill level 7 in Hexes
  5445 | D:6      | Reached XP level 8. HP: 23/41 MP: 15/15
  5676 | D:6      | Found a basalt altar of Yredelemnul.
  5697 | D:6      | Noticed Blork the orc
  5720 | D:6      | Killed Blork the orc
  6792 | D:7      | Found a staircase to the Ecumenical Temple.
  6796 | Temple   | Entered the Ecumenical Temple
  6837 | Temple   | Became a worshipper of Sif Muna the Loreminder
  6964 | D:7      | Reached skill level 8 in Hexes
  6969 | D:7      | Reached skill level 1 in Evocations
  7235 | D:7      | Reached skill level 1 in Fighting
  7426 | D:7      | Noticed a hippogriff
  7437 | D:7      | Killed a hippogriff
  7437 | D:7      | Reached skill level 9 in Hexes
  7598 | D:7      | Noticed Prince Ribbit
  7599 | D:7      | Noticed Menkaure
  7851 | D:6      | Reached XP level 9. HP: 48/48 MP: 13/16
  7956 | D:7      | Found a sparkling altar of Nemelex Xobeh.
  8285 | D:7      | Reached * piety under Sif Muna
  8368 | D:7      | Killed Menkaure
  8610 | D:7      | Reached skill level 10 in Hexes
  9482 | D:7      | Reached skill level 5 in Dodging
  9629 | D:7      | Reached skill level 11 in Hexes
  9855 | D:7      | Killed Prince Ribbit
 10031 | D:7      | Found a basalt altar of Yredelemnul.
 10259 | D:8      | Noticed Maruxus's ghost (novice TrMo)
 10275 | D:8      | Killed Maruxus's ghost
 10275 | D:8      | Reached XP level 10. HP: 41/56 MP: 12/19
 10363 | D:8      | Reached skill level 5 in Spellcasting
 10428 | D:8      | Found a flagged portal.
 10442 | Bailey   | Entered a bailey
 10649 | Bailey   | Reached ** piety under Sif Muna
 11601 | D:8      | Learned a level 1 spell: Sting
 11658 | D:8      | Reached skill level 1 in Poison Magic
 11754 | D:8      | Found a staircase to the Lair.
 12316 | Lair:1   | Entered Level 1 of the Lair of Beasts
 12316 | Lair:1   | Found a labyrinth entrance.
 12609 | Lair:1   | Reached *** piety under Sif Muna
 12609 | Lair:1   | Reached skill level 5 in Poison Magic
 13628 | Lair:1   | Noticed a seven-headed hydra
 13686 | Lair:1   | Reached XP level 11. HP: 42/60 MP: 1/22
 13843 | Lair:1   | Got a scorched whip
 13844 | Lair:1   | Identified the +6 whip "Lurebofu" {drain, rC+} (You found it on level 1 of the Lair of Beasts)
 14446 | Lair:1   | Reached **** piety under Sif Muna
 14507 | Lair:1   | Got a scorched short sword
 14508 | Lair:1   | Identified the +10 short sword of Dullness {pierce, rElec} (You found it on level 1 of the Lair of Beasts)
 14874 | Lair:1   | Killed a seven-headed hydra
 14874 | Lair:1   | Reached skill level 5 in Conjurations
 14897 | Lair:1   | Learned a level 4 spell: Olgreb's Toxic Radiance
 16256 | Lair:1   | Learned a level 5 spell: Venom Bolt
 16631 | Lair:2   | Noticed a catoblepas
 17105 | Lair:3   | Noticed Rupert
 17137 | Lair:3   | Reached ***** piety under Sif Muna
 17182 | Lair:3   | Identified Sif Muna's Incunabulum of the Oath (Sif Muna gifted it to you on level 3 of the Lair of Beasts)
 17182 | Lair:3   | Received a gift from Sif Muna
 17930 | Lair:3   | Found a staircase to the Snake Pit.
 18001 | Lair:4   | Noticed a six-headed hydra
 18192 | Lair:4   | Killed a six-headed hydra
 18192 | Lair:4   | Reached XP level 12. HP: 51/64 MP: 25/27
 18340 | Lair:4   | Noticed a six-headed hydra
 18357 | Lair:4   | Killed a six-headed hydra
 18357 | Lair:4   | Reached skill level 10 in Spellcasting
 18758 | Lair:4   | Reached skill level 10 in Conjurations
 18922 | Lair:4   | Found a staircase to the Swamp.
 19029 | Lair:4   | Reached skill level 1 in Invocations
 20145 | Lair:5   | Noticed tornocean's ghost (journeyman MiBe)
 20169 | Lair:5   | Killed tornocean's ghost
 20175 | Lair:5   | Found a viscous altar of Jiyva.
 20177 | Lair:5   | Found a staircase to the Slime Pits.
 20422 | Lair:5   | Reached skill level 12 in Hexes
 21081 | Lair:6   | Entered Level 6 of the Lair of Beasts
 21188 | Lair:6   | Received a gift from Sif Muna
 21205 | Lair:6   | Learned a level 3 spell: Mephitic Cloud
 21209 | Lair:6   | Learned a level 3 spell: Ignite Poison
 21300 | Lair:6   | Noticed a seven-headed hydra
 21324 | Lair:6   | Killed a seven-headed hydra
 21324 | Lair:6   | Reached skill level 1 in Transmutations
 21324 | Lair:6   | Reached skill level 1 in Fire Magic
 21755 | Lair:6   | Noticed a death yak
 21780 | Lair:6   | Noticed a death yak
 21782 | Lair:6   | Noticed a death yak
 22240 | Lair:6   | Upgraded the game from 0.19-a0-1779-g7aee5af to 0.19-a0-1792-g28b16ba
 22240 | Lair:6   | Quit the game

Vault maps used:
D:1:      minmay_arrival_radiant_lines
D:2:      lemuel_crystal_altar, overflow_temple_1_default, first_bread,
          nicolae_ru_awakened_eye, uniq_robin, uniq_crazy_yiuf_cottage,
          uniq_terence
D:3:      cheibrodos_ashenzari_chains
D:4:      fedhas_altar_3
D:5:      dk_noncrumbling_4
D:6:      basic_altar, uniq_blork_the_orc
D:7:      nemelex_xobeh_ov_fountains_minmay, lemuel_zombie_altar_yredelemnul,
          uniq_menkaure, uniq_prince_ribbit1
D:8:      lair_0_dummy, enter_bailey_3
D:9:      minmay_curly_fans, vehumet_statue, nicolae_overflow_hidden_temple,
          minmay_joined_circles
Temple:   jpeg_temple_island
Lair:1:   lab_entry_generic
Lair:2:   enter_volcano_4, grunt_megastairs_2
Lair:3:   guppyfry_snake_entry_garden, lemuel_fruit_fields, grunt_megastairs_4,
          uniq_rupert
Lair:4:   nicolae_swamp_entry_splash_gauntlet, st_stairs_3
Lair:5:   slime_altar_1, zaba_anthole, pond
Lair:6:   due_jungle_book, st_stairs_3
Bailey:   bailey_axe_2, bailey

Skill      XL: |  1  2  3  4  5  6  7  8  9 10 11 12 |
---------------+-------------------------------------+-----
Ice Magic      | 1 3 4 |  4.0
Shields        | 2 3 5 |  5.4
Hexes          | 7 9 11 12 | 12.4
Conjurations   | 1 3 4 9 10 | 10.1
Evocations     | 2 4 |  4.5
Dodging        | 3 5 |  5.5
Fighting       | 1 3 |  3.0
Spellcasting   | 4 6 9 11 | 11.8
Poison Magic   | 8 9 |  9.9
Invocations    | 4 |  4.6
Transmutations | 3 |  3.2
Fire Magic     | 3 |  3.2
Short Blades   | |  1.1
Stealth        | |  3.7

Action                   |  1- 3 |  4- 6 |  7- 9 | 10-12 || total
-------------------------+-------+-------+-------+-------++-------
Melee: Dagger            |    16 |    62 |   215 |   220 ||   513
       Short sword       |   103 |    59 |       |   445 ||   607
       Whip              |       |       |       |    61 ||    61
Throw: Tomahawk          |       |       |       |    16 ||    16
 Cast: Corona            |    27 |    16 |    10 |    38 ||    91
       Ensorcelled Hiber |     7 |    39 |    53 |   111 ||   210
       Confuse           |       |    12 |    67 |   206 ||   285
       Tukima's Dance    |       |     1 |       |       ||     1
       Sting             |       |       |       |    36 ||    36
       Olgreb's Toxic Ra |       |       |       |     7 ||     7
       Venom Bolt        |       |       |       |     8 ||     8
Evoke: Wand              |       |       |     1 |       ||     1
  Use: Scroll            |       |       |     4 |    14 ||    18
       Potion            |       |       |     1 |     4 ||     5
 Stab: Sleeping          |    14 |    27 |    37 |    73 ||   151
       Confused          |       |     4 |    20 |    74 ||    98
  Eat: Chunk             |     2 |     7 |    11 |    20 ||    40
       Meat ration       |       |     1 |       |     1 ||     2
       Bread ration      |       |       |     1 |     2 ||     3
       Fruit             |       |       |     2 |     4 ||     6
       Pizza             |       |       |     1 |     2 ||     3
       Beef jerky        |       |       |     1 |     1 ||     2
       Royal jelly       |       |       |     1 |       ||     1
Armor: Robe              |    29 |    21 |    20 |    89 ||   159
Dodge: Dodged            |   103 |    53 |    80 |   368 ||   604
Block: Buckler           |    10 |    17 |    29 |   246 ||   302
       Reflection        |       |       |       |     1 ||     1
